Description

attack

Replay - Maru v Neeb - 凯罗斯中转站-天梯版

Build Order

Get SALT Encoding   

  12  0:01  SCV  
  13  0:13  SCV  
  14  0:16  Supply Depot  
  14  0:25  SCV  
  15  0:38  SCV  
  15  0:40  Barracks  
  16  0:43  Refinery  
  16  0:50  SCV  
  17  1:02  SCV  
  18  1:14  SCV  
  19  1:27  Reaper, Orbital Command  
  20  1:49  Command Center  
  20  1:53  SCV  
  21  2:00  Marine  
  22  2:03  Supply Depot  
  22  2:07  SCV  
  23  2:13  Factory  
  23  2:20  Barracks Reactor  
  23  2:24  Refinery  
  23  2:25  SCV  
  24  2:42  Barracks  
  26  2:58  Marine x2  
  27  2:59  Factory Tech Lab  
  27  3:02  Orbital Command  
  28  3:18  Starport  
  29  3:20  Cyclone  
  29  3:24  Marine x2  
  35  3:30  Barracks Tech Lab  
  36  3:36  Supply Depot  
  38  3:43  Marine x2  
  40  3:49  Stimpack  
  42  3:59  Refinery  
  42  4:02  Marine x2  
  46  4:16  Supply Depot  
  48  4:18  Raven  
  48  4:19  Marine  
  52  4:29  Barracks, Bunker  
  54  4:33  Engineering Bay  
  54  4:38  Marauder  
  56  4:40  Supply Depot  
  56  4:43  Factory Reactor  
  61  4:59  Terran Infantry Weapons Level 1  
  61  5:03  Marauder  
  66  5:14  Refinery  
  66  5:15  Starport Reactor  
  68  5:22  Marauder x2, Combat Shield  
  68  5:27  Widow Mine x2  
  79  5:46  Marauder x2  
  84  5:50  Concussive Shells  
  84  5:55  Medivac x2  
  84  5:56  Widow Mine x2  
  91  6:15  Marauder  
  96  6:20  Widow Mine x2  
  96  6:24  Marauder  
  102  6:32  Medivac x2  
  106  6:42  Marauder x2  
  106  6:43  Widow Mine x2  
  116  6:54  Command Center  
Spawning Tool Build Advisor. Get it on Overwolf

Go to:

Details

  • Created by: ftuttle4
  • Published on: Mar 18, 2019
  • Modified on: Mar 18, 2019
  • Patch: 4.7.1
Show
View Real Time Build Order
Export as new Build Order

Comments (0)

There are no comments. Be the first!

Create an account to comment!